AoeStats
← Dr Greencrack

Lombardia

509024493Analyzed
2v2 RM · 7d ago on Sep 25, 2026· 92m 35s· 4 players
Game mode
Random Map
Map size
Medium (4 player)
Population
200
Speed
Normal
Resources
Standard
Victory
Conquest
Starting age
Dark Age
Ending age
Imperial Age
RankedLock teamsTeams togetherTeam positionsShared explorationLock speedFull tech treeHidden civsTurbo modeCheats
Victory
Defeat
🇺🇸 Franks · United States
1048
+15
🇺🇸 Mongols · United States
1046
+15
🇨🇦 Teutons · Canada
1039
-15
🇨🇦 Ethiopians · Canada
1027
-15
Dr Greencrack
8:43 Loom
11:35 Feudal Age
13:37 Wheelbarrow
13:12 Double-Bit Axe
19:18 Castle Age
17:39 Horse Collar
21:17 Squires
22:31 Pikeman
26:58 Stone Mining
28:17 Gold Mining
30:11 Scale Barding Armor
31:37 Bloodlines
31:58 Forging
35:02 Hand Cart
36:09 Chain Barding Armor
36:25 Iron Casting
42:26 Imperial Age
39:42 Town Watch
42:57 Fortified Wall
42:55 Cavalier
44:14 Plate Barding Armor
44:40 Blast Furnace
43:55 Elite Skirmisher
44:32 Fletching
44:43 Padded Archer Armor
44:59 Masonry
46:29 Chemistry
45:50 Ballistics
46:04 Halberdier
46:46 Scale Mail Armor
47:10 Guilds
46:26 Paladin
47:04 Bodkin Arrow
48:10 Arson
48:11 Gambesons
47:46 Man-at-Arms
48:51 Crenellations
48:52 Conscription
49:08 Hoardings
48:54 Ironclad
50:34 Chain Mail Armor
50:35 Leather Archer Armor
50:45 Bow Saw
49:58 Long Swordsman
51:00 Bombard Tower
50:46 Siege Engineers
54:16 Two-Man Saw
53:50 Ring Archer Armor
53:51 Plate Mail Armor
60:57 Two-Handed Swordsman
Iceman
3:34 Loom
11:31 Feudal Age
16:51 Castle Age
18:36 Crossbowman
19:09 Fletching
19:20 Padded Archer Armor
26:28 Bodkin Arrow
27:56 Double-Bit Axe
28:42 Town Watch
30:26 Thumb Ring
35:21 Imperial Age
33:40 Ballistics
35:34 Arbalester
36:17 Bracer
43:10 Chemistry
50:31 Elite Skirmisher
51:30 Leather Archer Armor
51:25 Forging
51:16 Scale Mail Armor
51:21 Scale Barding Armor
54:13 Onager
59:16 Torsion Engines
59:37 Conscription
61:09 Bow Saw
61:37 Wheelbarrow
61:03 Town Patrol
66:40 Murder Holes
66:51 Siege Engineers
66:56 Fortified Wall
74:17 Caravan
GJBrannock
10:13 Loom
12:20 Feudal Age
13:22 Double-Bit Axe
16:45 Horse Collar
19:27 Bloodlines
25:24 Castle Age
27:33 Gold Mining
27:59 Bow Saw
27:52 Heavy Plow
29:49 Scale Barding Armor
29:54 Forging
29:50 Husbandry
36:05 Padded Archer Armor
37:05 Fletching
37:37 Chain Barding Armor
39:17 Ballistics
39:19 Bodkin Arrow
40:19 Town Watch
41:11 Wheelbarrow
40:38 Murder Holes
40:57 Masonry
41:10 Leather Archer Armor
42:42 Gold Shaft Mining
44:47 Imperial Age
42:43 Thumb Ring
44:35 Herbal Medicine
46:13 Conscription
45:16 Elite Mangudai
47:16 Hand Cart
47:03 Town Patrol
49:13 Chemistry
48:27 Bracer
The Gobbler
5:27 Loom
9:48 Feudal Age
10:57 Double-Bit Axe
20:57 Wheelbarrow
25:13 Castle Age
26:02 Forging
29:31 Iron Casting
30:01 Stone Mining
31:52 Scale Mail Armor
32:12 Hand Cart
33:10 Chain Mail Armor
33:12 Bow Saw
39:19 Imperial Age
39:57 Elite Throwing Axeman
41:18 Plate Mail Armor
42:00 Blast Furnace
43:44 Fletching
47:13 Bodkin Arrow
50:00 Conscription
52:08 Chemistry
51:29 Ballistics
51:06 Murder Holes
51:23 Ordonnance Companies
52:42 Chivalry
52:27 Ordonnance Companies
54:21 Siege Engineers
77:07 Padded Archer Armor
77:13 Scale Barding Armor
77:24 Fortified Wall
84:51 Town Watch
Connection lost

Rejoining the realm…

Still unreachable

The connection could not be restored.

Session expired

The server has moved on; the page needs a fresh start.